 Dungeon Crawl Stone Soup version 0.21.1-1-g345015f (webtiles) character file.

225 Monsterracer the Insei (level 5, -3/39 HPs)
             Began as a Draconian Venom Mage on Feb 9, 2018.
             Killed by nerve-wracking pain
             ... invoked by an orc priest
              (7 damage)
             ... on level 2 of the Dungeon.
             The game lasted 00:03:43 (3183 turns).

Monsterracer the Insei (Draconian Venom Mage)       Turns: 3183, Time: 00:03:44

Health: -3/39      AC:  8    Str: 11    XL:     5   Next: 68%
Magic:  0/8        EV: 12    Int: 16    God:
Gold:   76         SH:  0    Dex: 11    Spells: 5/8 levels left

rFire    . . .     SeeInvis .     - Unarmed
rCold    . . .     Gourm    .   (no shield)
rNeg     . . .     Faith    .   (armour unavailable)
rPois    .         Spirit   .   (helmet restricted)
rElec    .         Reflect  .   (no cloak)
rCorr    .         Harm     +   (no gloves)
MR       .....                  (no boots)
Stlth    ++........             d - amulet of harm
HPRegen  0.13/turn              g - +3 ring of protection
MPRegen  0.11/turn              (no ring)

@: very slightly contaminated
A: unfitting armour, cold-blooded, AC +5
a: no special abilities


You were on level 2 of the Dungeon.
You were not hungry.

You visited 1 branch of the dungeon, and saw 3 of its levels.

You collected 76 gold pieces.

Inventory:

Jewellery
 d - an amulet of harm (around neck)
 g - a +3 ring of protection (left hand)
Scrolls
 b - 5 scrolls of identify {unknown}
 e - a scroll of teleportation {unknown}
 f - 3 scrolls of fear {unknown}
 h - a scroll of enchant weapon {unknown}
Books
 a - a Young Poisoner's Handbook

   Spells                             Type                      Level
   a - Sting                          Conjuration/Poison           1
   b - Poisonous Vapours              Poison/Air                   2
   c - Mephitic Cloud                 Conjuration/Poison/Air       3
   d - Olgreb's Toxic Radiance        Poison                       4
   e - Venom Bolt                     Conjuration/Poison           5
Comestibles
 c - 7 rations
 i - 2 chunks of flesh


   Skills:
 + Level 0.7 Fighting
 + Level 2.0 Dodging
 - Level 1.7 Stealth
 * Level 5.3 Unarmed Combat
 - Level 2.0 Spellcasting
 - Level 1.0 Conjurations
 - Level 3.0 Poison Magic


You had 5 spell levels left.
You knew the following spells:

 Your Spells              Type           Power        Failure   Level  Hunger
a - Poisonous Vapours     Pois/Air       #.....       17%         2    ###....
b - Sting                 Conj/Pois      #...         9%          1    #......


Dungeon Overview and Level Annotations

Branches:
Dungeon (3/15)

Altars:
Dithmenos
Elyvilon
Kikubaaqudgha
The Shining One


Innate Abilities, Weirdness & Mutations

Your plain brown scales are hard. (AC +5)
You cannot fit into any form of body armour.
You are cold-blooded and may be slowed by cold attacks.


Message History

You miss the bat.
You feel sick.
You are no longer poisoned.
The bat hits you.
You take 2 damage, and have 29/39 hp.
You are too injured to fight recklessly!
You are too injured to fight recklessly!
You are too injured to fight recklessly!
You are too injured to fight recklessly!
You are too injured to fight recklessly!
A bat is nearby!
You are too injured to fight recklessly!
You are too injured to fight recklessly!
An orc comes into view. It is wielding a club.
An adder comes into view.
The orc shouts!
You hear a shout!
The bat misses you. The bat barely misses you.
You hear a shout!
An orc comes into view. It is wielding a flail.
The adder hisses angrily.
You hit the bat.
The bat is heavily wounded.
The bat hits you but does no damage. The bat closely misses you.
The bat barely misses you.
You punch the bat!
You kill the bat!
An orc priest comes into view. It is wielding an enchanted hand axe.
You see here a bat corpse.
Casting: Poisonous Vapours
Confirm with . or Enter, or press ? or * to list all spells.
Aiming: Poisonous Vapours
Press: ? - help, Dir - move target cursor, f - orc
Aim: an orc, wielding a club
Okay, then.
A rat comes into view.
An orc comes into view. It is wielding a club.
The orc priest calls down the wrath of Beogh upon you.
Pain shoots through your body!
You take 10 damage, and have 21/39 hp.
MASSIVE DAMAGE!!
There is a stone staircase leading up here.
The orc shouts!
The orc hits you with a club.
* * * LOW HITPOINT WARNING * * *
The orc priest closely misses you.
You climb upwards.
There is a stone staircase leading down here.
Unknown command.
Unknown command.
Unknown command.
You take 1 damage, and have 20/39 hp.
Unknown command.
Unknown command.
Casting: Poisonous Vapours
Confirm with . or Enter, or press ? or * to list all spells.
Aiming: Poisonous Vapours
Press: ? - help, Dir - move target cursor, f - orc priest
Aim: an orc priest, wielding an enchanted hand axe Poisonous vapours surround the orc priest!
The orc hits you but does no damage.
The orc priest is engulfed in poison gas.
The orc priest is poisoned.
The orc priest calls down the wrath of Beogh upon you.
Beogh smites you!
* * * LOW HITPOINT WARNING * * *
You take 14 damage, and have 6/39 hp.
MASSIVE DAMAGE!!
You now have 2/8 mp.
Casting: Poisonous Vapours
Confirm with . or Enter, or press ? or * to list all spells.
Aiming: Poisonous Vapours
Press: ? - help, Dir - move target cursor, f/p - orc priest
Aim: an orc priest, wielding an enchanted hand axe (lightly wounded, poisoned)
Okay, then.
Casting: Poisonous Vapours
Confirm with . or Enter, or press ? or * to list all spells.
Aiming: Sting
Press: ? - help, Shift-Dir - straight line, f/p - orc priest
Aim: an orc priest, wielding an enchanted hand axe (lightly wounded, poisoned)
You miscast Sting.
You are very lightly contaminated with residual magic.
Nothing appears to happen.
The orc priest hits you with an enchanted hand axe.
* * * LOW HITPOINT WARNING * * *
The orc barely misses you.
You take 2 damage, and have 4/39 hp.
You now have 1/8 mp.
Casting: Sting
Confirm with . or Enter, or press ? or * to list all spells.
Aiming: Sting
Press: ? - help, Shift-Dir - straight line, f/p - orc priest
Aim: an orc priest, wielding an enchanted hand axe (lightly wounded, poisoned)
The sting hits the orc priest.
The orc priest looks even sicker.
The orc priest is moderately wounded.
The orc priest barely misses you. The orc hits you but does no damage.
Casting: Sting
Confirm with . or Enter, or press ? or * to list all spells.
Aiming: Sting
Press: ? - help, Shift-Dir - straight line, f/p - orc priest
Aim: an orc priest, wielding an enchanted hand axe (moderately wounded, poisoned)
The sting hits the orc priest.
The orc priest looks even sicker.
The orc priest is heavily wounded.
The orc priest invokes the aid of Beogh against you.
Pain shoots through your body!
You die...

#.#.............###..#
#.#..........#.....#.#
#.#.........##..####.#
#.#.........##..# #.#
######.#.(.......##..####.#######
.................................
######..........####.###.########
...............o## #.# #.# ####
##########.#.#.#@###.# #.# #_≈#
#......o....# #.# #.##
###.#.#.##### #.# #.'.
##...########.#####.##
##.###...........#_≈#
##############.# #.#####.########
...............# #.# #.# #.##
################ #.# #.# #..# #.#
#.# #..#


You could see an orc priest and an orc.

Vanquished Creatures
  Natasha (thrice) (D:2)
  Terence (D:2)
  5 adders
  2 worms (D:2)
  5 dart slugs
  5 leopard geckos
  A ball python (D:2)
  6 bats
  3 giant cockroaches
  9 goblins
  7 hobgoblins
  A quokka (D:2)
  4 frilled lizards
  6 kobolds
  10 rats
68 creatures vanquished.

Notes
Turn   | Place    | Note
-------+----------+-------------------------------------------
     0 | D:1      | Monsterracer the Draconian Venom Mage began the quest for the Orb.
     0 | D:1      | Reached XP level 1. HP: 14/14 MP: 3/3
   117 | D:1      | Reached skill level 1 in Unarmed Combat
   276 | D:1      | HP: 7/14 [leopard gecko (3)]
   280 | D:1      | Reached XP level 2. HP: 5/20 MP: 5/5
   282 | D:1      | HP: 3/20 [dart slug/slug dart (3)]
   289 | D:1      | Learned a level 2 spell: Poisonous Vapours
   590 | D:1      | Reached skill level 2 in Unarmed Combat
  1024 | D:1      | Reached XP level 3. HP: 26/26 MP: 3/6
  1333 | D:2      | Reached skill level 3 in Unarmed Combat
  1334 | D:2      | Noticed Natasha
  1343 | D:2      | HP: 8/26 [Natasha/magic dart (8)]
  1344 | D:2      | HP: 2/26 [Natasha/magic dart (6)]
  1345 | D:2      | Killed Natasha
  1738 | D:2      | Found a shadowy altar of Dithmenos.
  1746 | D:2      | Reached XP level 4. HP: 33/33 MP: 3/7
  2067 | D:2      | Reached skill level 4 in Unarmed Combat
  2244 | D:2      | Found a glowing golden altar of the Shining One.
  2281 | D:2      | Noticed Natasha
  2285 | D:2      | Killed Natasha
  2323 | D:2      | Noticed Terence
  2338 | D:2      | Killed Terence
  2338 | D:2      | Reached XP level 5. HP: 25/38 MP: 2/8
  2553 | D:2      | Noticed Natasha
  2556 | D:2      | Killed Natasha
  2556 | D:2      | Reached skill level 5 in Unarmed Combat
  2809 | D:2      | Found an ancient bone altar of Kikubaaqudgha.
  2809 | D:2      | Found a white marble altar of Elyvilon.
  3178 | D:3      | HP: 19/39 [orc/club (2)]
  3180 | D:2      | HP: 6/39 [orc priest/divine providence (14)]
  3183 | D:2      | Killed from afar by an orc priest

Skill      XL: |  1  2  3  4  5 |
---------------+----------------+-----
Unarmed Combat | 1 2 3 4 5 |  5.3
Dodging        | 2 |  2.0
Fighting       | |  0.7
Stealth        | |  1.7
Spellcasting   | |  2.0
Conjurations   | |  1.0
Poison Magic   | |  3.0

Action                   |  1- 3 |  4- 6 || total
-------------------------+-------+-------++-------
Melee: Unarmed           |    92 |    74 ||   166
       Tailslap          |     7 |     1 ||     8
       Punch             |       |     1 ||     1
 Cast: Sting             |    31 |    11 ||    42
       Poisonous Vapours |       |    19 ||    19
 Stab: Sleeping          |     3 |     1 ||     4
  Eat: Chunk             |     2 |     7 ||     9
Armor: Skin              |    31 |    22 ||    53
Dodge: Dodged            |    61 |    44 ||   105

Vault maps used:
D:1:      dpeg_arrival_round_c
D:2:      lemuel_round_altar, gammafunk_temple_overflow_elements, first_ration,
          nicolae_dithmenos_shadow_blocks, uniq_natasha, uniq_terence
D:3:      minmay_tree_intersection
